 Dungeon Crawl Stone Soup version 0.23.2-40-g277498a001 (webtiles) character file.

Game seed: 8724715274800617539

5663 Descartes the Blocker (level 11, -7/84 HPs)
             Began as a Formicid Fighter on Aug 13, 2019.
             Was a Believer of Qazlal.
             Mangled by a troll (8 damage)
             ... on level 10 of the Dungeon.
             The game lasted 00:33:51 (10516 turns).

Descartes the Blocker (Formicid Fighter)           Turns: 10516, Time: 00:33:51

Health: -7/84      AC: 14    Str: 21      XL:     11   Next: 4%
Magic:  19/19      EV: 11    Int: 10 (11) God:    Qazlal [**....]
Gold:   465        SH: 13    Dex:  9 (10) Spells: 13/21 levels left

rFire    . . .     SeeInvis +   p - +2 hand axe (flame)
rCold    . . .     Gourm    .   c - +0 shield
rNeg     . . .     Faith    .   h - +2 plate armour {rPois}
rPois    +         Spirit   .   (helmet unavailable)
rElec    .         Reflect  .   y - +0 cloak
rCorr    .         Harm     .   (no gloves)
MR       +....                  L - +0 pair of boots
Stlth    ..........             (no amulet)
HPRegen  0.24/turn              o - ring of stealth
MPRegen  0.16/turn              P - +2 ring of evasion

@: no status effects
A: permanent stasis, dig shafts and tunnels, four strong arms, antennae 3, slimy
green scales 1, deformed body, deterioration 1, MP-powered wands, sturdy frame 1
a: Dig, Shaft Self, Upheaval, Renounce Religion


You were on level 10 of the Dungeon.
You worshipped Qazlal.
Qazlal was pleased with you.
You were not hungry.

You visited 2 branches of the dungeon, and saw 11 of its levels.

You collected 465 gold pieces.

Inventory:

Hand Weapons
 a - a +0 war axe
 d - a +0 morningstar
 p - a +2 hand axe of flaming (weapon)
 u - a +2 dagger of venom
 M - a +3 flail of crushing
 O - a +0 hand axe of electrocution
Missiles
 k - 58 sling bullets
 l - 174 arrows
 n - 257 stones (quivered)
 q - a throwing net
 s - 16 tomahawks
 x - 25 poisoned needles
 Q - 2 tomahawks of returning
 R - 6 needles of sleeping
Armour
 c - a +0 shield (worn)
 h - a +2 plate armour of poison resistance (worn)
 j - a +0 cloak
 y - a +0 cloak (worn)
 G - the +1 robe "Supn" {rF+++ MP+9 Int-2 Stlth-}
   (You took it off a gnoll on level 4 of the Dungeon)

   It affects your intelligence (-2).
   It renders you almost immune to fire.
   It affects your magic capacity (+9).
   It makes you less stealthy.
 K - the +0 robe of the Sun {Int+9}
   (You found it on level 5 of the Dungeon)

   It affects your intelligence (+9).
 L - a +0 pair of boots (worn)
 N - a +3 leather armour of fire resistance
 T - a +1 robe of fire resistance
Magical Staves
 X - an uncursed staff of air
Jewellery
 b - an uncursed ring of flight
 o - a ring of stealth (left hand)
 P - a +2 ring of evasion (right hand)
Wands
 B - a wand of polymorph (9)
 F - a wand of acid (9)
 H - a wand of disintegration (9)
 I - a wand of flame (33)
 W - a wand of enslavement (10)
Scrolls
 e - 2 scrolls of fog
 g - 6 scrolls of remove curse
 m - a scroll of noise {unknown}
 r - 2 scrolls of random uselessness {unknown}
 w - 4 scrolls of enchant weapon
 A - a scroll of torment {unknown}
 C - 2 scrolls of magic mapping {unknown}
 E - 4 scrolls of enchant armour
 J - 2 scrolls of immolation {unknown}
 V - 3 scrolls of amnesia {unknown}
Potions
 i - a potion of agility
 t - a potion of brilliance
 v - a potion of lignification
 z - 8 potions of curing
 D - a potion of heal wounds
 S - 2 potions of flight
Comestibles
 f - 16 rations


   Skills:
 + Level 7.3 Fighting
 + Level 6.3 Axes
 + Level 7.3 Armour
 + Level 5.2 Dodging
 * Level 8.3 Shields
 + Level 5.7 Spellcasting
 - Level 1.1 Charms
 - Level 3.5 Transmutations
 - Level 5.1 Poison Magic


You had 13 spell levels left.
You knew the following spells:

 Your Spells              Type           Power        Failure   Level  Hunger
a - Magic Dart            Conj           #...         94%         1    None
b - Mephitic Cloud        Conj/Pois/Air  #.......     98%         3    ###....
c - Sticks to Snakes      Tmut           ##......     65%         2    ##.....
d - Swiftness             Chrm/Air       #.......     96%         2    ##.....

Your spell library contained the following spells:

 Spells                   Type           Power        Failure   Level  Hunger
 Beastly Appendage        Tmut           ##....       50%         1    None
 Spider Form              Tmut/Pois      ##........   77%         3    ###....
 Corona                   Hex            #......      94%         1    None
 Shock                    Conj/Air       #...         94%         1    None
 Call Imp                 Summ           #.......     98%         2    ##.....
 Ensorcelled Hibernation  Hex/Ice        #.....       98%         2    ##.....
 Slow                     Hex            #.......     98%         2    ##.....
 Confuse                  Hex            #.......     100%        3    ###....
 Conjure Flame            Conj/Fire      #.......     100%        3    ###....
 Dazzling Spray           Conj/Hex       #.....       100%        3    ###....
 Static Discharge         Conj/Air       #.......     100%        3    ###....
 Tukima's Dance           Hex            #.......     100%        3    ###....
 Airstrike                Air            #.........   100%        4    ####...
 Force Lance              Conj/Tloc      #.......     100%        4    ####...
 Ice Form                 Ice/Tmut       #.......     100%        4    ####...
 Blade Hands              Tmut           ##........   100%        5    ######.
 Bolt of Magma            Conj/Fire/Erth #.........   100%        5    ######.
 Lightning Bolt           Conj/Air       #.........   100%        5    ######.
 Freezing Cloud           Conj/Ice/Air   #.........   100%        6    #######
 Blink                    Tloc           Unusable     N/A         2    N/A

Dungeon Overview and Level Annotations

Branches:
Dungeon (10/15)            Temple (1/1) D:7             Orc (0/2) D:9
   Lair: D:8-11

Altars:
Ashenzari
Cheibriados
Dithmenos
Elyvilon
Fedhas
Gozag
Hepliaklqana
Kikubaaqudgha
Makhleb
Nemelex Xobeh
Okawaru
Qazlal
Ru
Sif Muna
Trog
Uskayaw
Vehumet
Wu Jian
Xom
Yredelemnul
Zin
The Shining One

Shops:
D:5 =

Annotations:
D:6 exclusion: oklob plant


Innate Abilities, Weirdness & Mutations

You cannot be hasted, slowed, berserked, paralysed or teleported.
You can dig through walls and to a lower floor.
Your four strong arms can wield two-handed weapons with a shield.
You have a pair of large antennae on your head. (SInv)
You are partially covered in slimy green scales. (AC +2)
Armour fits poorly on your strangely shaped body.
Your body sometimes deteriorates upon taking damage.
You expend magic power (3 MP) to strengthen your wands.
Your movements are slightly less encumbered by armour. (ER -2)


Message History

Qazlal accepts your kill. The troll barely misses you.
You block the troll's attack. The troll barely misses you.
You slash the troll! You burn the troll.
The troll is almost dead.
You hit the bullfrog zombie. You burn the bullfrog zombie.
The bullfrog zombie hits you.
* * * LOW HITPOINT WARNING * * *
You block the bullfrog zombie's attack. The troll bites you!
* * * LOW HITPOINT WARNING * * *
The troll claws you!
* * * LOW HITPOINT WARNING * * *
Your body deteriorates!
You feel clumsy. The troll claws you but does no damage.
You hit the troll but do no damage.
The troll is almost dead.
You slash the bullfrog zombie! You burn the bullfrog zombie.
You block the bullfrog zombie's attack. You block the troll's attack.
The troll claws you!
You die...

#########
######........
#####....'........
####.....####........
####....#####
#........ +......##
#........ ######.##
#........ #..#
#)....... ##@##
####+#### #TZ# ##.##
#..# ....≈..........
....≈≈?≈...{≈..
..≈≈≈≈≈≈..≈....
≈≈≈;h≈≈≈≈≈≈....
≈≈≈≈.h≈≈≈≈..≈..


You could see a troll and a bullfrog zombie.

Vanquished Creatures
  The ghost of jf82 the Spear-Bearer, a novice TeFi of Trog (D:7)
  A moth of wrath (D:9)
  A hornet (D:6)
  A wraith (D:10)
  4 hogs (D:7)
  A human (D:7)
  A hungry ghost (D:10)
  Edmund (D:6)
  3 orc warriors
  A phantom (D:4)
  3 sky beasts
  5 wolves (D:10)
  2 necrophages (D:10)
  2 centaurs (D:7)
  A big kobold (D:7)
  4 bullfrogs
  3 scorpions
  8 killer bees
  A howler monkey (D:6)
  A crimson imp (D:7)
  3 jellies
  A bullfrog skeleton (D:7)
  2 orc priests (D:8)
  8 hounds
  11 orc wizards
  A centaur skeleton (D:7)
  4 iguanas
  4 worker ants
  2 hound zombies (D:5)
  Robin (D:2)
  11 gnolls
  8 adders
  A shadow imp (D:6)
  2 oozes
  2 adder skeletons
  5 worms
  A dart slug (D:1)
  3 leopard geckos
  22 orcs
  13 giant cockroaches
  15 goblins
  4 hobgoblins
  9 jackals
  20 kobolds
  4 quokkas
  A ball python (D:5)
  7 bats
  2 frilled lizards (D:1)
  6 rats
  A plant (D:6)
219 creatures vanquished.

Vanquished Creatures (others)
  A bullfrog (D:10)
  3 plants (D:10)
4 creatures vanquished.

Grand Total: 223 creatures vanquished

Notes
Turn   | Place    | Note
-------+----------+-------------------------------------------
     0 | D:1      | Descartes the Formicid Fighter began the quest for the Orb.
     0 | D:1      | Reached XP level 1. HP: 18/18 MP: 1/1
   105 | D:1      | Reached XP level 2. HP: 24/24 MP: 2/2
   530 | D:2      | Reached XP level 3. HP: 19/29 MP: 2/4
   699 | D:2      | Reached skill level 1 in Spellcasting
   731 | D:2      | Reached skill level 1 in Dodging
   731 | D:2      | Reached skill level 4 in Shields
   744 | D:2      | Noticed Robin
   767 | D:2      | Reached XP level 4. HP: 36/36 MP: 5/5
   797 | D:2      | Killed Robin
  1342 | D:3      | Learned a level 1 spell: Magic Dart
  1350 | D:3      | Reached XP level 5. HP: 41/42 MP: 7/7
  1777 | D:3      | Found a bloodstained altar of Trog.
  1779 | D:3      | Found a shattered altar of Ashenzari.
  1868 | D:3      | Found a faded altar of an unknown god.
  2335 | D:4      | Noticed a phantom
  2367 | D:4      | Killed a phantom
  2367 | D:4      | Reached XP level 6. HP: 39/49 MP: 7/9
  2910 | D:4      | Identified the +1 robe "Supn" {rF+++ MP+9 Int-2 Stlth-}
  2916 | D:4      | Reached XP level 7. HP: 42/55 MP: 10/10
  3117 | D:4      | Gained mutation: You are partially covered in icy blue
                  | scales. (AC +2) [potion of mutation]
  3117 | D:4      | Gained mutation: Scrolls take you a little longer to read.
                  | [potion of mutation]
  3117 | D:4      | Gained mutation: You are partially covered in slimy green
                  | scales. (AC +2) [potion of mutation]
  3468 | D:5      | Entered Level 5 of the Dungeon
  3524 | D:5      | Got a heavily jewelled robe
  3543 | D:5      | Identified the cursed +0 robe of the Sun {Int+9} (You found
                  | it on level 5 of the Dungeon)
  3622 | D:5      | Reached skill level 5 in Shields
  3734 | D:5      | Found Hidupy's Jewellery Emporium.
  4009 | D:6      | Reached skill level 5 in Fighting
  4009 | D:6      | Reached XP level 8. HP: 51/62 MP: 12/12
  4011 | D:6      | Reached skill level 5 in Armour
  4114 | D:6      | Learned a level 3 spell: Mephitic Cloud
  4122 | D:6      | Learned a level 2 spell: Sticks to Snakes
  4124 | D:6      | Found a shimmering altar of Xom.
  4125 | D:6      | Noticed an oklob plant
  5166 | D:6      | Noticed a hornet
  5190 | D:6      | Killed a hornet
  5190 | D:6      | Reached skill level 1 in Transmutations
  5190 | D:6      | Reached skill level 1 in Poison Magic
  5525 | D:6      | Noticed Edmund
  5560 | D:6      | Killed Edmund
  5560 | D:6      | Reached skill level 6 in Shields
  5560 | D:6      | Reached XP level 9. HP: 66/69 MP: 14/14
  5845 | D:7      | Found a runed translucent door.
  5845 | D:7      | Noticed jf82's ghost (novice TeFi)
  6346 | D:7      | Found a staircase to the Ecumenical Temple.
  6394 | Temple   | Entered the Ecumenical Temple
  6444 | Temple   | Became a worshipper of Qazlal Stormbringer
  6648 | Temple   | Reached skill level 5 in Axes
  7062 | D:7      | Reached skill level 7 in Shields
  7062 | D:7      | Reached XP level 10. HP: 42/77 MP: 15/17
  7877 | D:8      | Identified the Almanac of Snow and Confrontation
  7960 | D:8      | Reached * piety under Qazlal
  8068 | D:8      | Reached skill level 5 in Spellcasting
  8822 | D:9      | Learned a level 2 spell: Swiftness
  8993 | D:9      | Found a staircase to the Orcish Mines.
  9022 | D:9      | Noticed a moth of wrath
  9025 | D:9      | Found a bloodstained altar of Trog.
  9119 | D:9      | Killed a moth of wrath
  9566 | D:7      | Killed jf82's ghost
  9566 | D:7      | Reached skill level 1 in Charms
  9566 | D:7      | Reached skill level 5 in Poison Magic
  9573 | D:7      | Lost mutation: Scrolls take you a little longer to read.
                  | [potion of mutation]
  9573 | D:7      | Lost mutation: You are partially covered in icy blue
                  | scales. (AC +2) [potion of mutation]
  9573 | D:7      | Gained mutation: Your body sometimes deteriorates upon
                  | taking damage. [potion of mutation]
  9573 | D:7      | Gained mutation: Armour fits poorly on your strangely
                  | shaped body. [potion of mutation]
  9573 | D:7      | Gained mutation: You expend magic power (3 MP) to
                  | strengthen your wands. [potion of mutation]
  9573 | D:7      | Gained mutation: Your movements are slightly less
                  | encumbered by armour. (ER -2) [potion of mutation]
  9677 | D:10     | Entered Level 10 of the Dungeon
  9683 | D:10     | Reached skill level 5 in Dodging
  9706 | D:10     | Reached ** piety under Qazlal
  9781 | D:10     | Reached skill level 8 in Shields
  9979 | D:10     | HP: 2/78 [electric eel/bolt of electricity (7)]
 10489 | D:10     | Reached XP level 11. HP: 41/83 MP: 19/19
 10515 | D:10     | HP: 1/84 [troll (10)]
 10516 | D:10     | Mangled by a troll

Skill      XL: |  1  2  3  4  5  6  7  8  9 10 |
---------------+-------------------------------+-----
Spellcasting   | 1 2 3 4 5 |  5.7
Dodging        | 1 2 3 4 5 |  5.2
Shields        | 4 5 6 7 8 |  8.3
Fighting       | 4 5 6 7 |  7.3
Armour         | 4 5 6 7 |  7.3
Axes           | 3 4 5 6 |  6.3
Transmutations | 1 3 |  3.5
Poison Magic   | 1 3 5 |  5.1
Charms         | 1 |  1.1

Action                   |  1- 3 |  4- 6 |  7- 9 | 10-12 || total
-------------------------+-------+-------+-------+-------++-------
Melee: War axe           |    35 |       |       |       ||    35
       Hand axe          |    37 |   191 |   475 |   343 ||  1046
 Abil: Dig               |     1 |       |     6 |     9 ||    16
  Use: Scroll            |       |       |    14 |     2 ||    16
       Potion            |       |       |     3 |     2 ||     5
  Eat: Chunk             |       |     7 |     7 |    11 ||    25
       Ration            |       |       |     2 |     1 ||     3
Armor: Scale mail        |    37 |    65 |    45 |       ||   147
       Plate armour      |       |       |   178 |   129 ||   307
Dodge: Dodged            |    24 |    54 |   130 |   109 ||   317
Block: Shield            |    47 |    98 |   233 |   216 ||   594
